 Dungeon Crawl Stone Soup version 0.19-a0-1035-gdbfb0c6 (webtiles) character file.

1586 aronpayne the Fighter (level 8, -2/79 HPs)
             Began as a Hill Orc Berserker on July 29, 2016.
             Was a Priest of Trog.
             Slain by an orc warrior
             ... wielding a +0 halberd
              (6 damage)
             ... on level 7 of the Dungeon.
             The game lasted 00:19:03 (4785 turns).

aronpayne the Fighter (Hill Orc Berserker)          Turns: 4785, Time: 00:19:04

Health: -2/79      AC: 18    Str: 22    XL:     8   Next: 92%
Magic:  8/8        EV: 11    Int:  7    God:    Trog [***...]
Gold:   391        SH:  0    Dex: 10    Spells: 0 memorised, 7 levels left

rFire  + + .     SeeInvis .     D - +3 flail (protect)
rCold  x . .     Gourm    .     o - +3 scale mail {rN+}
rNeg   + . .     Faith    .     (no shield)
rPois  .         Spirit   .     y - +0 helmet
rElec  .         Dismiss  .     c - +0 cloak
rCorr  .         Reflect  .     (no gloves)
SustAt .         Harm     .     l - +0 pair of boots
MR     ++...     Rnd*Rage +     (no amulet)
Stlth  ..........               x - ring of protection from fire
                                q - ring of fire

@: exhausted, regenerating, slowed, very slow, very resistant to hostile
enchantments, extremely unstealthy
A: berserk 1
a: Berserk, Trog's Hand, Burn Spellbooks, Renounce Religion


You were on level 7 of the Dungeon.
You worshipped Trog.
Trog was most pleased with you.
You were very hungry.

You visited 1 branch of the dungeon, and saw 6 of its levels.

You collected 391 gold pieces.

Inventory:

Hand Weapons
 D - a +3 flail of protection (weapon)
Armour
 c - a +0 cloak (worn)
 l - a +0 pair of boots (worn)
 o - a +3 scale mail of positive energy (worn)
 y - a +0 helmet (worn)
Jewellery
 q - a ring of fire (left hand)
 w - an uncursed ring of ice
 x - a ring of protection from fire (right hand)
 B - an uncursed ring of protection from fire
Wands
 h - a wand of flame (11/48)
Scrolls
 d - 2 scrolls of fog
 e - 2 scrolls of enchant weapon
 g - a scroll of enchant armour
 i - a scroll of teleportation
 k - 6 scrolls of identify
 s - 3 scrolls of recharging {unknown}
 u - a scroll of magic mapping {unknown}
 z - a scroll of fear {unknown}
Potions
 b - a potion of magic {unknown}
 f - a potion of mutation {unknown}
 j - a potion of degeneration {unknown}
 m - 2 potions of heal wounds {unknown}
 n - 3 potions of lignification {unknown}
 p - a potion of agility {unknown}
 v - 2 potions of curing {unknown}
 C - 2 potions of resistance {unknown}
Comestibles
 a - 2 chunks of flesh
 t - a royal jelly
 A - 2 bread rations


   Skills:
 * Level 9.9 Fighting
 * Level 8.0 Maces & Flails
 + Level 3.4 Armour
 + Level 2.8 Dodging


You had 7 spell levels left.
You didn't know any spells.

Dungeon Overview and Level Annotations

Branches:
Dungeon (7/15)             Temple (0/1) D:6

Altars:
Dithmenos
Fedhas
Kikubaaqudgha
Qazlal


Innate Abilities, Weirdness & Mutations

You tend to lose your temper in combat.


Message History

* * * LOW HITPOINT WARNING * * *
Something hits you but does no damage. The orc warrior misses you.
Something hits you but does no damage.
A hound comes into view.
The hound barks!
An orc wizard appears from thin air!
Reactivating autopickup.
A scorpion comes into view.
The hound bites you but does no damage. The orc wizard completely misses you.
Found 20 sling bullets.
You sock the hound!
The hound is severely wounded.
The hound bites you.
* * * LOW HITPOINT WARNING * * *
The orc warrior hits you from afar with a halberd.
* * * LOW HITPOINT WARNING * * *
The hound barely misses you.
The orc wizard hits you but does no damage.
The orc warrior hits you from afar with a halberd.
You die...

#######################
#......>.....#.<.......
##.##########.#.########
##...## #.#.#
#.#.?†).##### #.).#
......(.....oo.# #####
####.#.....###@#
#.##...## #h# #...#.##
#s# ##.#.# #.. #.#.# #.#
....# (#. # # #


You could see an orc warrior, a scorpion, a hound and an orc wizard.

Vanquished Creatures
  Sigmund (D:6)
  Duvessa (D:4)
  An ice beast (D:5)
  A sky beast (D:5)
  3 ogres
  A giant frog (D:6)
  Dowan (D:4)
  A scorpion (D:5)
  A water moccasin skeleton (D:6)
  2 howler monkeys
  2 crimson imps
  A giant frog skeleton (D:5)
  3 orc priests
  Crazy Yiuf (D:4)
  3 orc wizards
  5 worker ants
  A hound zombie (D:5)
  2 hound skeletons
  4 gnolls (D:6)
  3 adders
  A shadow imp (D:7)
  An ooze (D:6)
  5 worms
  4 giant geckos
  11 orcs
  4 bats
  4 giant cockroaches
  3 goblins
  7 hobgoblins
  4 jackals
  3 kobolds (D:2)
  3 quokkas
  7 giant newts
  3 rats
98 creatures vanquished.

Notes
Turn   | Place    | Note
-------+----------+-------------------------------------------
     0 | D:1      | aronpayne the Hill Orc Berserker began the quest for the Orb.
     0 | D:1      | Reached XP level 1. HP: 19/19 MP: 1/1
   182 | D:1      | Reached XP level 2. HP: 24/27 MP: 2/2
   184 | D:1      | Reached skill level 4 in Fighting
   576 | D:2      | Reached XP level 3. HP: 19/33 MP: 3/3
   649 | D:2      | Reached ** piety under Trog
  1183 | D:2      | You fall through a shaft for 2 floors!
  1216 | D:4      | Reached skill level 5 in Fighting
  1216 | D:4      | Reached XP level 4. HP: 38/42 MP: 4/4
  1237 | D:4      | Noticed Duvessa
  1237 | D:4      | Noticed Dowan
  1238 | D:4      | Found a blossoming altar of Fedhas.
  1265 | D:4      | Killed Duvessa
  1265 | D:4      | Reached skill level 6 in Fighting
  1265 | D:4      | Reached XP level 5. HP: 47/50 MP: 5/5
  1291 | D:4      | Killed Dowan
  1291 | D:4      | Reached skill level 5 in Maces & Flails
  1291 | D:4      | Reached XP level 6. HP: 25/58 MP: 6/6
  1320 | D:4      | Found a stormy altar of Qazlal.
  1358 | D:4      | Reached skill level 7 in Fighting
  1650 | D:4      | Reached XP level 7. HP: 56/66 MP: 7/7
  1828 | D:4      | Found a runed door.
  2194 | D:4      | Noticed a water elemental
  2197 | D:4      | Noticed a fire elemental
  2197 | D:4      | Noticed an air elemental
  2282 | D:4      | Noticed Crazy Yiuf
  2285 | D:4      | Killed Crazy Yiuf
  2337 | D:5      | Entered Level 5 of the Dungeon
  2397 | D:5      | Found a shadowy altar of Dithmenos.
  2546 | D:5      | Found an ancient bone altar of Kikubaaqudgha.
  2722 | D:5      | Reached skill level 8 in Fighting
  3076 | D:5      | Reached *** piety under Trog
  3146 | D:5      | Reached XP level 8. HP: 67/77 MP: 8/8
  3486 | D:5      | Reached skill level 9 in Fighting
  3494 | D:5      | Gained mutation: You tend to lose your temper in combat. [mutagenic meat]
  3813 | D:6      | Noticed Sigmund
  3826 | D:6      | Killed Sigmund
  4399 | D:6      | Found a staircase to the Ecumenical Temple.
  4785 | D:7      | Slain by an orc warrior

Vault maps used:
D:1:      evilmike_arrival_hilbert_curve
D:2:      kennysheep_generic_room_12
D:4:      nicolae_qazlal_style_of_elements, fedhas_altar_2, uniq_duvessa,
          uniq_crazy_yiuf_cottage
D:5:      basic_altar, first_bread, nicolae_dithmenos_the_darkroom
D:6:      uniq_sigmund
D:7:      serial_shops, shop

Skill      XL: |  1  2  3  4  5  6  7  8 |
---------------+-------------------------+-----
Fighting       | 4 5 6 7 8 9 |  9.9
Dodging        | 2 |  2.8
Maces & Flails | 4 5 7 8 |  8.0
Armour         | 3 |  3.4

Action                   |  1- 3 |  4- 6 |  7- 9 || total
-------------------------+-------+-------+-------++-------
Melee: Mace              |   126 |    78 |    68 ||   272
       Flail             |       |       |   160 ||   160
Invok: Berserk           |       |     2 |     4 ||     6
       Trog's Hand       |       |     2 |     2 ||     4
  Use: Scroll            |       |       |     7 ||     7
  Eat: Chunk             |     1 |     4 |     8 ||    13
       Bread ration      |       |       |     1 ||     1
       Pizza             |       |       |     1 ||     1
       Beef jerky        |       |       |     1 ||     1
Armor: Animal skin       |    10 |       |       ||    10
       Scale mail        |    54 |    30 |   117 ||   201
Dodge: Dodged            |    80 |    37 |    95 ||   212
